Map: Augustine Fall LE

Players

ZESTisBEST

  • Race: Protoss Protoss
  • League: Master
  • Spawn Location: 6:00

Spectre

  • Race: Terran Terran
  • League: Master
  • Spawn Location: 5:00

Vince

  • Race: Terran Terran
  • League: Master
  • Spawn Location: 6:00

Phong

  • Race: Zerg Zerg
  • Spawn Location: 12:00

BillyBob

  • Race: Zerg Zerg
  • Spawn Location: 11:00

Zebrone

  • Race: Protoss Protoss
  • Spawn Location: 12:00

VOD

Have the link to the VOD?

Description

Time

  • Played on: April 10, 2020, 3:55 p.m.
  • Length: 4:20
Show
View Real Time Build Order
Export as new Build Order

ZESTisBEST Protoss 

Build Orders: Proxy Void Ray 

Get SALT Encoding   

  12  0:08  Pylon  
  12  0:13  Probe  
  13  0:27  Gateway  
  13  0:30  Probe  
  14  0:42  Probe, Assimilator  
  15  0:47  Assimilator  
  15  0:54  Probe  
  16  1:06  Probe  
  17  1:15  Cybernetics Core  
  17  1:18  Probe  
  17  1:22  Pylon  
  18  1:30  Probe  
  19  1:43  Probe  
  20  1:51  Stargate  
  20  1:55  Probe (Chrono Boost)  
  23  2:07  Probe (Chrono Boost)  
  24  2:10  Pylon  
  24  2:13  Probe (Chrono Boost)  
  25  2:19  Pylon  
  23  2:32  Void Ray (Chrono Boost)  
  27  2:38  Shield Battery  
  27  2:39  Shield Battery  
  27  3:02  Pylon  
  27  3:04  Void Ray (Chrono Boost)  
  31  3:21  Shield Battery x2  
  31  3:33  Void Ray  
  35  3:41  Shield Battery  
Show
View Real Time Build Order
Export as new Build Order

Spectre Terran 

Build Orders:  

Get SALT Encoding   

  12  0:01  SCV  
  13  0:13  SCV  
  14  0:17  Supply Depot  
  14  0:25  SCV  
  15  0:39  SCV  
  15  0:40  Barracks  
  16  0:44  Refinery  
  16  0:51  SCV  
  17  0:59  Barracks  
  17  1:03  SCV  
  18  1:15  SCV  
  19  1:23  Refinery  
  19  1:27  Reaper  
  19  1:29  Orbital Command  
  20  1:32  Supply Depot  
  20  1:41  Refinery  
  20  1:46  Reaper  
  21  1:55  SCV  
  21  1:58  Barracks  
  22  2:04  Reaper  
  22  2:07  SCV  
  24  2:19  Reaper, SCV  
  26  2:23  Supply Depot  
  26  2:31  SCV  
  26  2:36  Reaper  
  28  2:51  Reaper  
  29  2:52  Reaper  
  29  2:54  SCV  
  31  3:08  Reaper  
  32  3:23  Reaper  
  32  3:24  Reaper  
  32  3:26  SCV  
  35  3:30  Supply Depot  
  35  3:33  Supply Depot, Command Center  
  35  3:40  Reaper  
  36  4:01  SCV  
  39  4:02  Supply Depot  
  39  4:07  Barracks  
  39  4:10  Barracks  
Show
View Real Time Build Order
Export as new Build Order

Vince Terran 

Build Orders:  

Get SALT Encoding   

  12  0:00  SCV  
  13  0:12  SCV  
  14  0:18  Supply Depot  
  14  0:25  SCV  
  15  0:40  Barracks  
  15  0:57  Barracks  
  15  1:01  SCV  
  16  1:09  Barracks  
  16  1:16  SCV  
  17  1:28  Marine  
  18  1:33  Barracks  
  18  1:40  Supply Depot  
  18  1:44  Marine  
  18  1:46  Marine  
  20  1:58  Marine  
  21  2:01  Marine  
  21  2:04  Marine  
  21  2:05  Bunker  
  23  2:16  Marine  
  23  2:20  Marine  
  25  2:25  Marine  
  25  2:26  Marine  
  25  2:29  Supply Depot  
  27  2:36  Marine  
  28  2:38  Marine  
  28  2:43  Marine  
  30  2:44  Marine  
  30  3:03  Marine  
  30  3:04  Marine x3  
  27  3:21  Marine  
  27  3:22  Marine x3  
  28  3:39  Marine x4  
  28  3:57  Marine x4  
Show
View Real Time Build Order
Export as new Build Order

Phong Zerg 

Build Orders: Hatch First 

Get SALT Encoding   

  12  0:01  Drone  
  13  0:15  Overlord  
  13  0:20  Drone  
  14  0:35  Drone  
  14  0:36  Drone  
  14  0:38  Drone  
  17  0:58  Drone  
  17  0:59  Hatchery  
  17  1:11  Spawning Pool  
  17  1:13  Extractor  
  17  1:14  Drone  
  17  1:17  Drone  
  17  1:22  Drone  
  18  1:31  Drone  
  19  1:43  Overlord  
  19  1:54  Drone  
  19  1:58  Queen  
  22  2:10  Queen  
  22  2:13  Drone x2  
  26  2:18  Metabolic Boost  
  26  2:21  Zergling x2  
  27  2:26  Zergling x4  
  29  2:33  Zergling x2  
  29  2:36  Zergling x2  
  31  2:44  Zergling x2  
  33  2:58  Zergling x2  
  33  2:59  Zergling x4  
  33  3:15  Zergling x2  
  33  3:19  Zergling x2  
  34  3:20  Zergling x4  
  34  3:21  Zergling x2  
  34  3:23  Zergling x2  
  33  3:29  Zergling x4  
Show
View Real Time Build Order
Export as new Build Order

BillyBob Zerg 

Build Orders: Hatch First 

Get SALT Encoding   

  12  0:04  Drone  
  13  0:13  Overlord  
  13  0:21  Drone  
  14  0:35  Drone x2  
  16  0:39  Drone  
  17  0:55  Hatchery  
  16  1:08  Spawning Pool  
  16  1:10  Extractor  
  14  1:12  Drone  
  14  1:15  Drone  
  16  1:20  Drone  
  17  1:28  Overlord  
  17  2:07  Queen  
  19  2:08  Queen  
  19  2:10  Overlord  
  19  2:11  Drone x3  
  19  2:14  Metabolic Boost  
  24  2:25  Drone x2  
  15  3:25  Spine Crawler  
Show
View Real Time Build Order
Export as new Build Order

Zebrone Protoss 

Build Orders:  

Get SALT Encoding   

  12  0:02  Probe  
  13  0:15  Probe  
  13  0:21  Pylon  
  14  0:27  Probe  
  15  0:44  Gateway  
  15  0:45  Assimilator  
  15  0:50  Probe, Assimilator  
  16  1:14  Probe  
  17  1:26  Probe  
  18  1:37  Cybernetics Core  
  18  1:39  Probe, Cybernetics Core  
  19  1:51  Probe  
  19  1:52  Pylon  
  20  2:03  Probe  
  21  2:15  Probe  
  22  2:20  Stargate  
  22  2:22  Stargate  
  22  2:27  Probe  
  23  2:31  Protoss Air Weapons Level 1 (Chrono Boost)  
  23  3:02  Probe  
  23  3:03  Void Ray (Chrono Boost)  
  28  3:31  Pylon  
Tags
 
Add a new tag
Caveats
  • Supply blocks, unpowered buildings, or Contaminate may cause inaccurate times.
  • Supply counts are checked every 10 seconds.